 Dungeon Crawl Stone Soup version 0.27-a0-1501-g9d6fb14e67 (webtiles) character file.

Game seed: 16720727375043461652

1486 Lekart the Slasher (level 8, -9/62 HPs)
             Began as a Pale Draconian Chaos Knight on July 8, 2021.
             Was a Plaything of Xom.
             Blown up by an eye of devastation (37 damage)
             ... with a bolt of energy
             ... on level 6 of the Dungeon.
             The game lasted 00:09:14 (6018 turns).

Lekart the Slasher (Pale Draconian Chaos Knight)    Turns: 6018, Time: 00:09:15

Health: -9/62      AC: 10    Str: 16    XL:     8   Next: 50%
Magic:  14/14      EV: 13    Int: 13    God:    Xom [.*....]
Gold:   285        SH:  0    Dex: 11    Spells: 15/15 levels left

rFire    . . .     SeeInvis .   a - +2 falchion (chaos)
rCold    . . .     Faith    .   (no shield)
rNeg     . . .     Spirit   .   (armour unavailable)
rPois    .         Reflect  .   (helmet restricted)
rElec    .         Harm     .   (no cloak)
rCorr    .         Rampage  .   (no gloves)
Will     .....                  (no boots)
Stlth    +.........             (no amulet)
HPRegen  0.20/turn              g - +4 ring of protection
MPRegen  0.14/turn              (no ring)

@: short of breath, unable to read
A: breathe steam, AC +6, unfitting armour, cold-blooded, steam resistance, frail
1, inability to read while threatened
a: Breathe Steam, Renounce Religion


You were on level 6 of the Dungeon.
You worshipped Xom.
You were a plaything of Xom.
You visited 1 branch of the dungeon, and saw 6 of its levels.

You collected 285 gold pieces.

Inventory:

Hand Weapons
 a - a +2 falchion of chaos (weapon)
Missiles
 h - 4 curare-tipped darts (quivered)
Armour
 l - a +0 tower shield
Jewellery
 g - a +4 ring of protection (left hand)
 m - a ring of magical power
Wands
 d - a wand of acid (3)
Scrolls
 b - 2 scrolls of identify
 f - a scroll of holy word
 j - a scroll of teleportation {unknown}
 k - a scroll of noise {unknown}
Potions
 c - a potion of might
 e - a potion of mutation {unknown}
 i - a potion of lignification {unknown}


   Skills:
 + Level 5.6 Fighting
 + Level 7.4 Long Blades
 + Level 5.1 Dodging
 * Level 4.0 Spellcasting


You had 15 spell levels left.
You didn't know any spells.
Your spell library contained the following spells:

 Spells                   Type           Power      Damage    Failure   Level
 Freeze                   Ice            8%         1d3       21%         1
 Frozen Ramparts          Ice            4%         1d2       52%         3
 Hailstorm                Conj/Ice       2%         3d3       90%         4


Dungeon Overview and Level Annotations

Branches:
Dungeon (6/15)             Temple (0/1) D:6

Altars:
Xom

Shops:
D:1 [

Annotations:
D:5 Pikel


Innate Abilities, Weirdness & Mutations

You can breathe blasts of scalding, opaque steam.
Your pale cyan-grey scales are hard. (AC +6)
You cannot fit into any form of body armour.
You are cold-blooded and may be slowed by cold attacks.
You are immune to the effects of steam.
You are frail. (-10% HP)
You sometimes lose the ability to read scrolls when taking damage.


Message History

You exhale a blast of scalding steam.
The ball of steam hits the eye of devastation!
The eye of devastation is moderately wounded.
The eye of devastation is engulfed in a cloud of scalding steam.
The eye of devastation gazes at you. The bolt of energy misses you.
The eye of devastation gazes at you. The bolt of energy misses you.
You have got your breath back.
You hit the eye of devastation.
Your tail-slap misses the eye of devastation.
The eye of devastation is moderately wounded.
You hit the eye of devastation. You tail-slap the eye of devastation.
The eye of devastation is moderately wounded.
You slash the eye of devastation!
The eye of devastation is heavily wounded.
You carefully extract the barbed spikes from your body.
You can read scrolls again.
You hit the eye of devastation.
The eye of devastation seems to grow stronger.
You tail-slap the eye of devastation.
The eye of devastation is heavily wounded.
The eye of devastation is no longer covered in acid.
You hit the eye of devastation.
The eye of devastation resists with almost no effort.
The eye of devastation is severely wounded.
The eye of devastation gazes at you. The bolt of energy hits you!!
You feel threatened and lose the ability to read scrolls!
Xom is highly amused!
Press: ? - help, Shift-Dir - straight line, f/p - eye of devastation
Aim: an eye of devastation (severely wounded, strong)
You exhale a blast of scalding steam.
The ball of steam hits the eye of devastation but does no damage.
The eye of devastation is severely wounded.
The eye of devastation gazes at you. The bolt of energy hits you!!!
Ouch! That really hurt!
You die...
Xom guffaws!

### ##### ##### #<#
#g..###G@.##
#.##..§#..#..#..##
#.##g§H##)..##...##
#.#.g.. ##.###....#
#.#.### #.##.###.#
#.#. H#.#)###..#
####.## ##.####..##
......# .♣.....##
.........#
#.####..##


You could see an eye of devastation (strong).

Vanquished Creatures
  Sigmund (D:2)
  A basilisk (D:6)
  A black bear (D:6)
  An ice beast (D:6)
  2 necrophages
  A centaur (D:6)
  A phantom (D:6)
  A wyvern skeleton (D:6)
  A jelly (D:5)
  6 killer bees (D:6)
  2 hounds
  An orc wizard (D:6)
  10 gnolls
  4 adders
  5 dart slugs
  10 orcs
  4 ball pythons
  2 bats
  8 endoplasms
  4 giant cockroaches
  4 goblins
  2 hobgoblins (D:1)
  3 jackals (D:1)
  4 kobolds
  2 quokkas
  6 frilled lizards
  8 rats
95 creatures vanquished.

Vanquished Creatures (collateral kills)
  A water moccasin skeleton (D:6)
  An adder (D:6)
2 creatures vanquished.

Grand Total: 97 creatures vanquished

Notes
Turn   | Place    | Note
-------+----------+-------------------------------------------
     0 | D:1      | Lekart the Draconian Chaos Knight began the quest for the
                  | Orb.
     0 | D:1      | Reached XP level 1. HP: 19/19 MP: 1/1
   122 | D:1      | Reached XP level 2. HP: 26/26 MP: 2/2
   188 | D:1      | XOM: silly message
   502 | D:1      | Reached XP level 3. HP: 22/33 MP: 3/3
   949 | D:1      | XOM: 2-stop teleportation journey
  1117 | D:1      | Found Reiduo's Armour Shoppe.
  1238 | D:1      | XOM: stat loss: -1 Dex (10/11)
  1266 | D:2      | Noticed Sigmund
  1276 | D:2      | HP: 1/33 [something (4)]
  1277 | D:2      | Killed Sigmund
  1278 | D:2      | Reached skill level 4 in Long Blades
  1278 | D:2      | Reached skill level 1 in Spellcasting
  1278 | D:2      | Reached XP level 4. HP: 2/41 MP: 4/6
  1278 | D:2      | Reached XP level 5. HP: 2/47 MP: 4/7
  1627 | D:2      | Found a faded altar of an unknown god.
  1628 | D:2      | Found a shimmering altar of Xom.
  2421 | D:2      | XOM: summons 4 hostile shadow creatures
  2868 | D:2      | XOM: give mutations
  2868 | D:2      | Gained mutation: You are frail. (-10% HP) [Xom's mischief]
  2868 | D:2      | Gained mutation: You sometimes lose the ability to read
                  | scrolls when taking damage. [Xom's mischief]
  3032 | D:3      | XOM: confusion
  3412 | D:2      | XOM: stat loss: -1 Dex (9/11)
  3518 | D:3      | XOM: give mutation
  3994 | D:4      | Noticed a necrophage
  4003 | D:4      | XOM: enchant monster (bad)
  4004 | D:4      | Killed a necrophage
  4005 | D:4      | Reached skill level 5 in Long Blades
  4005 | D:4      | Reached XP level 6. HP: 43/47 MP: 9/9
  4161 | D:4      | XOM: confusion
  4168 | D:4      | XOM: enchant monster (bad)
  4170 | D:4      | XOM: summons 4 hostile demons
  4196 | D:5      | Entered Level 5 of the Dungeon
  4196 | D:5      | XOM: 1-stop teleportation journey
  4521 | D:5      | Your scales start taking on a pale cyan-grey colour.
  4521 | D:5      | Reached XP level 7. HP: 49/54 MP: 10/10
  4521 | D:5      | Gained mutation: You are immune to the effects of steam.
                  | [Pale Draconian growth]
  4530 | D:5      | XOM: torment (27/54 hp)
  4714 | D:5      | XOM: 1-stop teleportation journey
  4715 | D:5      | Noticed Pikel
  4752 | D:5      | XOM: noise
  4755 | D:5      | XOM: polymorph lemure -> iron imp
  4977 | D:6      | XOM: cast spell 'Summon Hydra'
  4999 | D:6      | Reached skill level 6 in Long Blades
  5036 | D:6      | XOM: noise
  5197 | D:6      | Reached skill level 5 in Fighting
  5316 | D:6      | XOM: silly message
  5491 | D:6      | XOM: divination: detect creatures
  5500 | D:6      | Reached XP level 8. HP: 60/61 MP: 11/13
  5538 | D:6      | XOM: 10-stop teleportation journey
  5667 | D:6      | Found a staircase to the Ecumenical Temple.
  5758 | D:6      | Reached skill level 7 in Long Blades
  5819 | D:6      | Reached skill level 5 in Dodging
  5996 | D:6      | Noticed a manticore
  6005 | D:6      | XOM: enchant monster (good)
  6007 | D:6      | Noticed an eye of devastation
  6007 | D:6      | a manticore changed into an eye of devastation
  6007 | D:6      | XOM: polymorph manticore -> eye of devastation
  6018 | D:6      | Blown up by an eye of devastation

Illustrated notes

Levels and vault maps discovered:
D:1:      onia_arrival_pentagram, layout_basic, serial_shops, shop,
          chequers_hall_statues_y
D:2:      wad_lake_hut, layout_basic, ebering_ecumenical_altar_petrified,
          basic_altar, grunt_ministairs_6, uniq_sigmund
D:3:      layout_loops_ring
D:4:      layout_cave_pools, uniq_duvessa
D:5:      cheibrodos_iron_armory, layout_basic, uniq_pikel
D:6:      layout_basic, minmay_temple_entry_water_ring, st_stairs_10, kb_rosetta

Skill      XL: |  1  2  3  4  5  6  7  8 |
---------------+-------------------------+-----
Fighting       | 4 5 |  5.6
Long Blades    | 4 5 6 7 |  7.4
Spellcasting   | 1 2 3 4 |  4.0
Dodging        | 3 4 5 |  5.1

Action                   |  1- 3 |  4- 6 |  7- 9 || total
-------------------------+-------+-------+-------++-------
Melee: Falchion          |    82 |   126 |    73 ||   281
       Tailslap          |     8 |    16 |     9 ||    33
Throw: Dart              |       |       |     1 ||     1
 Abil: Breathe Steam     |       |       |    12 ||    12
Evoke: Wand              |       |       |     3 ||     3
  Use: Scroll            |       |     5 |       ||     5
       Potion            |       |     5 |       ||     5
 Stab: Petrified         |       |     2 |       ||     2
       Sleeping          |       |     1 |       ||     1
       Paralysed         |       |       |     1 ||     1
Armor: Skin              |    25 |    82 |    44 ||   151
Dodge: Dodged            |    48 |   126 |    72 ||   246
       Rpst.: Falchion   |    12 |    25 |    17 ||    54

Table legend: (Time is in decaauts)
 A = Elapsed time spent in this place.
 B = Non-inter-level travel time spent in this place.
 C = Inter-level travel time spent in this place.
 D = Time resting spent in this place.
 E = Time spent auto-exploring this place.
 F = Levels seen in this place.
 G = Mean time per level.
                   A        B        C        D        E       F      G
               +--------+--------+--------+--------+--------+-----+--------+
         Total |   6082 |   5915 |    167 |   1352 |   3611 |   6 | 1013.7 |
       Dungeon |   6082 |   5915 |    167 |   1352 |   3611 |   6 | 1013.7 |
               +--------+--------+--------+--------+--------+-----+--------+

Top non-repeatable levels by time:
     D:2: 1913 daAuts
     D:1: 1264 daAuts
     D:6: 1250 daAuts
     D:3: 856 daAuts
     D:5: 571 daAuts
     D:4: 226 daAuts
